 Dungeon Crawl Stone Soup version 0.28.0-62-gf88900778d (webtiles) character file.

Game seed: 5273103992048182339

13095 cbfl8 the Basher (level 12, -6/112 HPs)
             Began as a Gargoyle Berserker on July 3, 2023.
             Was an Elder of Trog.
             Mangled by a red devil
             ... wielding a +0 trident
             ... summoned by a kobold demonologist
              (13 damage)
             ... on level 9 of the Dungeon.
             The game lasted 00:12:01 (11769 turns).

cbfl8 the Basher (Gargoyle Berserker)              Turns: 11769, Time: 00:12:02

Health: -6/112     AC:  9    Str: 22    XL:     12   Next: 2%
Magic:  12/12      EV: 10    Int:  8    God:    Trog [****..]
Gold:   519        SH:  0    Dex: 13    Spells: 11/11 levels left

rFire   . . .      SeeInvis .   m - +0 morningstar
rCold   . . .      Faith    .   (no shield)
rNeg    + + .      Spirit   .   o - +0 chain mail
rPois   ∞          Reflect  .   (no helmet)
rElec   +          Harm     .   (no cloak)
rCorr   .          Rampage  .   (no gloves)
Will    .....                   f - +0 pair of boots
Stlth   ..........              y - amulet of regeneration
HPRegen 1.08/turn               l - ring of positive energy
MPRegen 0.13/turn               (no ring)

@: berserking, corroded, very quick
A: sickness immunity, AC +8, negative energy resistance 1, electricity
resistance, torment resistance 1, petrification resistance
a: Renounce Religion, Berserk, Trog's Hand, Brothers in Arms


You were on level 9 of the Dungeon.
You worshipped Trog.
Trog was greatly pleased with you.
You visited 1 branch of the dungeon, and saw 9 of its levels.

You collected 519 gold pieces.

Inventory:

Hand Weapons
 m - a +0 morningstar (weapon)
Armour
 f - a +0 pair of boots (worn)
 o - a +0 chain mail (worn)
Jewellery
 l - a ring of positive energy (left hand)
 y - an amulet of regeneration (around neck)
Wands
 g - a wand of flame (42)
 k - a wand of iceblast (4)
Scrolls
 b - 2 scrolls of summoning {unknown}
 h - 3 scrolls of teleportation
 i - a scroll of enchant weapon
 j - 2 scrolls of noise
 p - 5 scrolls of fog {unknown}
 q - 2 scrolls of immolation {unknown}
 z - 3 scrolls of identify
Potions
 a - a potion of flight {unknown}
 c - a potion of might {unknown}
 d - 3 potions of curing
 n - 3 potions of haste {unknown}
 s - a potion of attraction {unknown}
 u - a potion of cancellation {unknown}
 v - 3 potions of mutation {unknown}
 w - 2 potions of heal wounds {unknown}
 x - 2 potions of degeneration {unknown}
Miscellaneous
 r - a lightning rod (4/4)


   Skills:
 + Level 8.7 Fighting
 + Level 12.1 Maces & Flails
 + Level 9.4 Armour
 + Level 4.6 Dodging
 + Level 2.6 Stealth
 * Level 7.5 Evocations


You had 11 spell levels left.
You didn't know any spells.
Your spell library was empty.

Dungeon Overview and Level Annotations

Branches:
Dungeon (9/15)             Temple (0/1) D:4            Lair (0/6) D:9
    Orc: D:9-12

Altars:
Fedhas


Innate Abilities, Weirdness & Mutations

You are immune to sickness and miasma.
Your stone body is resilient. (AC +8)
You are immune to poison.
You resist negative energy. (rN+)
You are resistant to electric shocks. (rElec)
You are resistant to unholy torment.
You are immune to petrification.


Message History

Unknown command.
You hit the kobold demonologist but do no damage.
The kobold demonologist is heavily wounded.
The rust devil barely misses you. The chaos spawn hits you!
The chaos spawn freezes you!
The kobold demonologist hits you with a +0 dagger.
Unknown command.
You are too injured to fight recklessly!
Unknown command.
You are too injured to fight recklessly!
A red film seems to cover your vision as you go berserk!
You feel yourself moving faster!
You feel mighty! The rust devil hits you. The rust devil corrodes you!
The chaos spawn gores you but does no damage.
The kobold demonologist gestures wildly while chanting.
You barely miss the kobold demonologist.
The kobold demonologist is moderately wounded.
The rust devil hits you. The rust devil corrodes you! The chaos spawn hits you!
You are engulfed in flames!
You closely miss the kobold demonologist.
The kobold demonologist is moderately wounded.
The kobold demonologist casts a spell.
The iron imp disappears for a moment.
You barely miss the kobold demonologist.
The kobold demonologist is moderately wounded.
The rust devil hits you. The rust devil corrodes you!
The chaos spawn gores you!
* * * LOW HITPOINT WARNING * * *
The chaos spawn freezes you!
* * * LOW HITPOINT WARNING * * *
Unknown command.
You barely miss the kobold demonologist.
The kobold demonologist is moderately wounded.
The ufetubus hits you but does no damage.
The ufetubus hits you.
* * * LOW HITPOINT WARNING * * *
The kobold demonologist hits you with a +0 dagger.
* * * LOW HITPOINT WARNING * * *
The red devil hits you from afar with a +0 trident!
You die...

#....# #.##.# #.##.# ##########
#.##.# #########
......(..####.##.# #........
.........#....##.########........
.........#....##)[...............
##............##4.............#..
.#####........##@.............#.?
.............54K45............#[.
.#####.#...................####..
..<# #.###........##.####........
.#####.#........#.##.............
....##.#.....##.#....####........
.##....#.....##.####.####........
.......#...........#.##......###.
###...........#.#.##..#.####.#[..


You could see a rust devil (summoned), a kobold demonologist, a chaos spawn
(summoned), a red devil (summoned), an iron imp (summoned) and an ufetubus
(summoned).

Vanquished Creatures
  A fire dragon (D:9)
  2 two-headed ogres (D:9)
  2 centaur warriors (D:9)
  A tengu warrior (D:9)
  Pikel (D:8)
  A cyclops (D:9)
  A gargoyle (D:9)
  A hornet (D:8)
  Sigmund (D:6)
  4 wyverns
  21 yaks
  A steam dragon (D:6)
  3 water moccasins (D:9)
  Duvessa (D:6)
  4 orc warriors (D:9)
  3 sky beasts
  2 ice beasts (D:7)
  6 centaurs
  2 lemures (D:8)
  6 kobold brigands
  4 bullfrogs
  5 scorpions
  A water moccasin skeleton (D:4)
  Dowan (D:6)
  8 killer bees
  The ghost of Djinni the Magician, a weakling DjSu (D:3)
  3 howler monkeys (D:9)
  2 electric eels
  2 hounds (D:6)
  A jelly (D:7)
  A bullfrog skeleton (D:4)
  2 bullfrog zombies (D:6)
  4 orc priests
  3 iguanas
  4 centaur skeletons
  9 orc wizards
  Robin (D:3)
  3 adders
  15 gnolls
  A shadow imp (D:5)
  A white imp (D:8)
  2 ufetubi (D:5)
  An adder skeleton (D:4)
  2 dart slugs
  18 orcs
  7 endoplasms
  2 giant cockroaches (D:1)
  8 goblins
  15 hobgoblins
  5 jackals
  4 quokkas
  9 ball pythons
  6 bats
  2 frilled lizards
  10 kobolds
  3 rats
230 creatures vanquished.

Vanquished Creatures (collateral kills)
  An orc warrior (D:9)
1 creature vanquished.

Vanquished Creatures (others)
  An orc (D:6)
  2 fungi (D:9)
  7 plants (D:9)
10 creatures vanquished.

Grand Total: 241 creatures vanquished

Notes
Turn   | Place    | Note
-------+----------+-------------------------------------------
     0 | D:1      | cbfl8 the Gargoyle Berserker began the quest for the Orb.
     0 | D:1      | Reached XP level 1. HP: 14/14 MP: 1/1
   526 | D:1      | Reached XP level 2. HP: 11/19 MP: 2/2
   814 | D:1      | Found a faded altar of an unknown god.
  1106 | D:1      | Reached XP level 3. HP: 24/24 MP: 3/3
  1461 | D:2      | Reached skill level 1 in Evocations
  1640 | D:2      | Reached ** piety under Trog
  1786 | D:2      | Reached XP level 4. HP: 28/29 MP: 4/4
  1821 | D:2      | Reached skill level 4 in Maces & Flails
  2275 | D:3      | Noticed Robin
  2288 | D:3      | Killed Robin
  2491 | D:3      | Reached XP level 5. HP: 32/33 MP: 5/5
  2567 | D:3      | Noticed a centaur
  2567 | D:3      | Noticed an ogre
  2991 | D:3      | Found a large runed translucent door.
  2992 | D:3      | Found a large runed translucent door.
  2994 | D:3      | Noticed Djinni's ghost (weakling DjSu)
  3076 | D:3      | Killed Djinni's ghost
  3226 | D:4      | Reached XP level 6. HP: 17/38 MP: 6/6
  3478 | D:4      | Reached skill level 5 in Maces & Flails
  3765 | D:4      | Reached skill level 1 in Stealth
  3817 | D:4      | Found a staircase to the Ecumenical Temple.
  3826 | D:4      | Reached XP level 7. HP: 41/43 MP: 7/7
  4301 | D:5      | Entered Level 5 of the Dungeon
  4350 | D:5      | Reached *** piety under Trog
  4724 | D:5      | Identified the +4 trident of Saugga {freeze, rElec rPois
                  | rCorr Int+2}
  4818 | D:5      | Noticed a wyvern
  4824 | D:5      | Killed a wyvern
  4825 | D:5      | Reached skill level 6 in Maces & Flails
  5286 | D:6      | Noticed Duvessa
  5286 | D:6      | Noticed Dowan
  5294 | D:6      | Killed Duvessa
  5295 | D:6      | Reached XP level 8. HP: 48/48 MP: 8/8
  5296 | D:6      | Killed Dowan
  5300 | D:6      | Reached skill level 5 in Fighting
  5415 | D:6      | Noticed Sigmund
  5686 | D:6      | Killed Sigmund
  6003 | D:6      | Reached skill level 7 in Maces & Flails
  6973 | D:7      | Reached skill level 5 in Armour
  6973 | D:7      | Reached XP level 9. HP: 44/55 MP: 9/9
  7374 | D:7      | Reached skill level 8 in Maces & Flails
  8498 | D:8      | Noticed a hornet
  8510 | D:8      | Killed a hornet
  8511 | D:8      | Reached skill level 5 in Evocations
  8664 | D:8      | Reached skill level 9 in Maces & Flails
  8791 | D:8      | Found a blossoming altar of Fedhas.
  8792 | D:8      | Noticed Pikel
  8809 | D:8      | Killed Pikel
  8810 | D:8      | Reached XP level 10. HP: 61/61 MP: 10/10
  9414 | D:8      | Reached skill level 10 in Maces & Flails
  9771 | D:9      | Found a staircase to the Lair.
  9980 | D:9      | Reached **** piety under Trog
 10161 | D:9      | Reached XP level 11. HP: 59/68 MP: 11/11
 10320 | D:9      | Noticed a fire dragon
 10343 | D:9      | Killed a fire dragon
 10344 | D:9      | Reached skill level 11 in Maces & Flails
 10466 | D:9      | Noticed a tengu warrior
 10711 | D:9      | Killed a tengu warrior
 10995 | D:9      | Noticed a centaur warrior
 11011 | D:9      | Killed a centaur warrior
 11233 | D:9      | Noticed a two-headed ogre
 11234 | D:9      | Noticed a two-headed ogre
 11251 | D:9      | Killed a two-headed ogre
 11260 | D:9      | Noticed a cyclops
 11263 | D:9      | Noticed a centaur warrior
 11269 | D:9      | Killed a cyclops
 11274 | D:9      | Killed a centaur warrior
 11330 | D:9      | Reached skill level 12 in Maces & Flails
 11348 | D:9      | Killed a two-headed ogre
 11349 | D:9      | Reached XP level 12. HP: 18/75 MP: 12/12
 11769 | D:9      | Mangled by a red devil

Illustrated notes

Levels and vault maps discovered:
D:1:      minmay_arrival_plants_in_alcoves, layout_loops_ring,
          basic_ecumenical_altar
D:2:      layout_basic
D:3:      layout_basic, ebering_ghost_disaster_area, lightli_corner_chamber,
          uniq_robin
D:4:      layout_loops_ring, temple_pool_b
D:5:      layout_basic
D:6:      layout_cave_pools, uniq_duvessa, uniq_sigmund
D:7:      layout_rooms, nrook_pool_corridor
D:8:      layout_cave_pools, old_standard_altar, kennysheep_path_1,
          dk_noncrumbling_4, uniq_pikel
D:9:      minmay_slanted_spiral_squares, layout_basic, minmay_lair_entry_grove,
          nzn_random_ring

Skill      XL: |  1  2  3  4  5  6  7  8  9 10 11 |
---------------+----------------------------------+-----
Evocations     | 1 2 3 4 5 6 7 |  7.5
Maces & Flails | 4 5 6 7 9 10 12 | 12.1
Dodging        | 2 3 4 |  4.6
Fighting       | 4 5 6 7 8 |  8.7
Armour         | 3 5 6 8 9 |  9.4
Stealth        | 1 2 |  2.6

Action                   |  1- 3 |  4- 6 |  7- 9 | 10-12 || total
-------------------------+-------+-------+-------+-------++-------
Melee: Mace              |   106 |    93 |       |       ||   199
       Morningstar       |       |    27 |   360 |   386 ||   773
       Punch             |       |       |    13 |     6 ||    19
Invok: Berserk           |     1 |     4 |    12 |     9 ||    26
       Trog's Hand       |       |       |       |     3 ||     3
       Brothers in Arms  |       |       |       |     1 ||     1
Evoke: Wand              |       |       |     4 |    14 ||    18
  Use: Scroll            |       |     6 |     3 |     3 ||    12
 Stab: Paralysed         |       |       |       |     6 ||     6
Armor: Animal skin       |    24 |       |       |       ||    24
       Ring mail         |    15 |    65 |     9 |       ||    89
       Scale mail        |       |       |   257 |     8 ||   265
       Chain mail        |       |       |       |   316 ||   316
Dodge: Dodged            |    71 |    70 |   316 |   204 ||   661
